 Dungeon Crawl Stone Soup version 0.21-a0-582-g1b93aee (webtiles) character file.

259 vishdafish the Poker (level 5, -1/38 HPs)
             Began as a Demonspawn Skald on Dec 19, 2017.
             Was an Initiate of Nemelex Xobeh.
             Killed from afar by an orc wizard (4 damage)
             ... with a magic dart
             ... on level 4 of the Dungeon.
             The game lasted 00:04:43 (3348 turns).

vishdafish the Poker (Demonspawn Skald)             Turns: 3348, Time: 00:04:44

Health: -1/38      AC:  7    Str: 11    XL:     5   Next: 94%
Magic:  6/8        EV: 12    Int: 15    God:    Nemelex Xobeh [......]
Gold:   194        SH:  0    Dex: 13    Spells: 7/8 levels left

rFire    . . .     SeeInvis .   a - +0 spear
rCold    . . .     Gourm    .   (no shield)
rNeg     . . .     Faith    .   b - +0 leather armour
rPois    .         Spirit   .   h - +1 helmet
rElec    .         Reflect  .   (no cloak)
rCorr    .         Harm     .   (no gloves)
MR       .....                  (no boots)
Stlth    ++........             (no amulet)
HPRegen  0.12/turn              t - ring of stealth
MPRegen  0.11/turn              (no ring)

@: infused
A: iridescent scales 1
a: Renounce Religion


You were on level 4 of the Dungeon.
You worshipped Nemelex Xobeh.
Nemelex Xobeh was noncommittal.
You were not hungry.

You visited 1 branch of the dungeon, and saw 5 of its levels.

You collected 194 gold pieces.

Inventory:

Hand Weapons
 a - a +0 spear (weapon)
Armour
 b - a +0 leather armour (worn)
 h - a +1 helmet (worn)
Jewellery
 t - a ring of stealth (left hand)
Wands
 r - a wand of paralysis (20)
Scrolls
 e - a scroll of enchant armour {unknown}
 f - 2 scrolls of identify {unknown}
 g - a scroll of enchant weapon {unknown}
 i - 3 scrolls of remove curse {unknown}
 l - 2 scrolls of teleportation {unknown}
 n - 2 scrolls of fear {unknown}
 s - a scroll of blinking {unknown}
Potions
 j - a potion of heal wounds {unknown}
 k - a potion of curing
 m - a potion of mutation {unknown}
 o - 2 potions of agility {unknown}
 p - 2 potions of might {unknown}
 u - a potion of flight {unknown}
Books
 c - a book of Battle

   Spells                             Type                      Level
   a - Infusion                       Charms                       1
   b - Shroud of Golubria             Charms/Translocation         2
   c - Song of Slaying                Charms                       2
   d - Spectral Weapon                Hexes/Charms                 3
   e - Regeneration                   Charms/Necromancy            3
 q - a book of Minor Magic

   Spells                             Type                      Level
   a - Magic Dart                     Conjuration                  1
   b - Blink                          Translocation                2
   c - Call Imp                       Summoning                    2
   d - Slow                           Hexes                        2
   e - Conjure Flame                  Conjuration/Fire             3
   f - Mephitic Cloud                 Conjuration/Poison/Air       3
Comestibles
 d - 3 rations
 v - a chunk of flesh


   Skills:
 - Level 2.0 Fighting
 * Level 3.8 Polearms
 - Level 2.4 Armour
 + Level 2.9 Dodging
 + Level 2.0 Spellcasting
 - Level 3.5 Charms
 * Level 0.1 Invocations


You had 7 spell levels left.
You knew the following spells:

 Your Spells              Type           Power        Failure   Level  Hunger
a - Infusion              Chrm           ##..         7%          1    #......


Dungeon Overview and Level Annotations

Branches:
Dungeon (5/15)
 Temple: D:4-7

Altars:
Hepliaklqana
Nemelex Xobeh
Qazlal
Ru
Sif Muna
Trog
Vehumet
Wu Jian
Xom

Shops:
D:5 !

Annotations:
D:5 Daviar's ghost, novice NaWr


Innate Abilities, Weirdness & Mutations

You are partially covered in iridescent scales. (AC +2)


Message History

Attack whom?
Press: ? - help, Dir - move target cursor, f - orc wizard
Aim: an orc wizard, wielding a dagger of venom and wearing a robe You reach to attack!
You hit the orc wizard.
The orc wizard is lightly wounded.
You barely miss the orc wizard.
The orc wizard is lightly wounded.
The orc wizard begins to cast a cantrip, but forgets the words!
The orc priest calls down the wrath of Beogh upon you.
Beogh smites you! The orc wizard closely misses you.
You are too injured to fight recklessly!
The orc wizard points at you and mumbles some strange words.
The puff of flame hits you!
The orc wizard points at you and mumbles some strange words.
The magic dart hits you!
* * * LOW HITPOINT WARNING * * *
The orc wizard casts a spell at you. The magic dart hits you!
You die...
Your body disappears without a glow.

....#.......#.#.....##.##.#...#.#
#####.......#.#.....##.##.#...#.#
#########.#.....##.##.#...#.#
###### #..........##.#...#.#
.....# #####.#######.......#
####.# #........##...### ####.#
#........###.## # ..##.#
########..#####.###.## #
#.##<#####......@..##...#.#.#.###
#..........#######.##.##...###...
.....####### ##oo.....##.#.###
.##### ##........###.## # .##
#......##.# #.# # ..# #.......#.#
#.## # #.# #.....#.#.##.#.### #.#
#....##.#........# #.#
#.#..............#


You could see an orc wizard.

Vanquished Creatures
  A bullfrog zombie (D:5)
  An orc priest (D:4)
  2 hounds (D:4)
  2 worker ants (D:4)
  An adder (D:4)
  An ooze (D:1)
  4 worms
  A dart slug (D:3)
  6 orcs (D:3)
  10 bats
  2 giant cockroaches
  4 hobgoblins
  4 quokkas
  2 ball pythons
  3 frilled lizards
  5 goblins
  A jackal skeleton (D:5)
  7 kobolds
  2 leopard gecko skeletons
  7 rats
66 creatures vanquished.

Notes
Turn   | Place    | Note
-------+----------+-------------------------------------------
     0 | D:1      | vishdafish the Demonspawn Skald began the quest for the Orb.
     0 | D:1      | Reached XP level 1. HP: 16/16 MP: 3/3
   103 | D:1      | Reached skill level 1 in Armour
   186 | D:1      | Gained mutation: You are partially covered in iridescent scales. (AC +2) [demonic ancestry]
   186 | D:1      | Reached XP level 2. HP: 21/22 MP: 3/5
   972 | D:2      | Reached XP level 3. HP: 27/27 MP: 4/6
  1835 | D:3      | Reached XP level 4. HP: 15/33 MP: 3/7
  2128 | D:3      | Found a deep blue altar of Sif Muna.
  2292 | D:5      | Entered Level 5 of the Dungeon
  2326 | D:5      | Noticed Daviar's ghost (novice NaWr)
  2351 | D:5      | Found Caifoica's Distillery.
  2621 | D:4      | Reached XP level 5. HP: 34/38 MP: 3/8
  2981 | D:4      | Found a radiant altar of Vehumet.
  2981 | D:4      | Found a bloodstained altar of Trog.
  2981 | D:4      | Found a stormy altar of Qazlal.
  2982 | D:4      | Found a hazy altar of Hepliaklqana.
  2982 | D:4      | Found an ornate altar of the Wu Jian Council.
  2996 | D:4      | Found a sacrificial altar of Ru.
  2998 | D:4      | Found a shimmering altar of Xom.
  3146 | D:4      | Found a sparkling altar of Nemelex Xobeh.
  3156 | D:4      | Became a worshipper of Nemelex Xobeh the Trickster
  3348 | D:4      | Killed from afar by an orc wizard

Vault maps used:
D:1:      dpeg_arrival_oval, minmay_small_reverse_x
D:3:      led_sif_pool, first_ration, hangedman_decor_lopped
D:4:      minmay_wonky_spiral, grunt_temple_overflow_open,
          minmay_misc_feat_encased, nemelex_xobeh_ov_fountains_minmay
D:5:      serial_shops, shop_statue, shop, shop, minmay_gold_behind_fungi,
          nicolae_elemental_shop

Skill      XL: |  1  2  3  4 |
---------------+-------------+-----
Armour         | 1 2 |  2.4
Polearms       | 2 3 |  3.8
Dodging        | 2 |  2.9
Charms         | 3 |  3.5
Fighting       | |  2.0
Spellcasting   | |  2.0
Invocations    | |  0.1

Action                   |  1- 3 |  4- 6 || total
-------------------------+-------+-------++-------
Melee: Spear             |   198 |   155 ||   353
 Cast: Infusion          |    10 |     9 ||    19
  Use: Potion            |       |     2 ||     2
 Stab: Sleeping          |     1 |     2 ||     3
  Eat: Chunk             |     3 |     2 ||     5
       Ration            |       |     1 ||     1
Armor: Leather armour    |    55 |    33 ||    88
       Skin              |       |    10 ||    10
Dodge: Dodged            |   104 |    72 ||   176

Table legend:
 A = Spawn XP
 B = Non-spawn XP
 C = Spawn XP percentage of total XP
 D = Spawn monster count
 E = Non-spawn monster count
 F = Spawn count percentage of total count
 G = Total turns spent on level
                    A         B        C        D         E        F      G
               +---------+---------+-------+---------+---------+-------+---------
         Total |       0 |     370 |   0.0 |       0 |      66 |   0.0 |  3348
               +---------+---------+-------+---------+---------+-------+---------
           D:1 |       0 |      25 |   0.0 |       0 |      15 |   0.0 |   864
           D:2 |       0 |      33 |   0.0 |       0 |      17 |   0.0 |   404
           D:3 |       0 |      41 |   0.0 |       0 |      19 |   0.0 |   902
           D:4 |       0 |     220 |   0.0 |       0 |      11 |   0.0 |  1035
           D:5 |       0 |      51 |   0.0 |       0 |       4 |   0.0 |   143
               +---------+---------+-------+---------+---------+-------+---------
